 Dungeon Crawl Stone Soup version 0.24-a0-342-gad4687c37d (webtiles) character file.

Game seed: 11204616117831296238

1229 ohad the Martial Artist (level 8, -4/62 HPs)
             Began as an Octopode Transmuter on May 21, 2019.
             Was an Initiate of Gozag.
             Slain by a phantom (6 damage)
             ... on level 6 of the Dungeon.
             The game lasted 00:13:25 (5868 turns).

ohad the Martial Artist (Octopode Transmuter)       Turns: 5868, Time: 00:13:25

Health: -4/62      AC:  5    Str:  9    XL:     8   Next: 48%
Magic:  12/13      EV: 10    Int: 17    God:    Gozag
Gold:   153        SH:  0    Dex: 13    Spells: 4/14 levels left

rFire    x . .     SeeInvis +     - Unarmed
rCold    + + +     Gourm    .   (shield currently unavailable)
rNeg     . . .     Faith    .   (helmet currently unavailable)
rPois    +         Spirit   .   (no amulet)
rElec    .         Reflect  .   e - ring of wizardry
rCorr    .         Harm     .   k - ring of see invisible
MR       .....                  m - ring of protection from cold
Stlth    +.........             (no ring)
HPRegen  0.20/turn              (no ring)
MPRegen  0.13/turn              (no ring)
                                (no ring)
                                (no ring)

@: ice-form, gold aura
A: large, almost no armour, stealthy swim, amphibious, 8 rings, (constrict 8)
a: End Transformation, Potion Petition, Call Merchant, Bribe Branch, Renounce
Religion


You were on level 6 of the Dungeon.
You worshipped Gozag.
Gozag was aware of your devotion.
You were not hungry.
You were a creature of crystalline ice.
You visited 2 branches of the dungeon, and saw 7 of its levels.
You also visited: Sewer.

You collected 192 gold pieces.
You paid 39 gold pieces to Gozag.

Inventory:

Hand Weapons
 j - a +0 whip of flaming
 u - a +1 whip of venom
 y - the +4 falchion "Pycag" {venom, Dex+4, unknown}
   (You found it on level 5 of the Dungeon)

   It poisons the flesh of those it strikes.
   It affects your dexterity (+4).
Missiles
 a - 96 arrows
 i - 9 boomerangs (quivered)
 v - a throwing net
Jewellery
 e - a ring of wizardry (left front paw)
 k - a ring of see invisible (right front paw)
 m - a ring of protection from cold (on tentacle)
Wands
 A - a wand of paralysis (11)
Scrolls
 f - 2 scrolls of identify {unknown}
 g - a scroll of blinking {unknown}
 n - a scroll of enchant weapon {unknown}
 q - 5 scrolls of remove curse
 r - a scroll of random uselessness {unknown}
Potions
 b - 3 potions of haste {unknown}
 d - a potion of lignification {unknown}
 h - 2 potions of mutation {unknown}
 l - 4 potions of curing {unknown}
 o - a potion of degeneration {unknown}
 p - a potion of ambrosia {unknown}
 s - 3 potions of brilliance {unknown}
 t - a potion of might {unknown}
 w - a potion of agility {unknown}
 x - a potion of magic {unknown}
 z - a potion of heal wounds {unknown}
Comestibles
 c - 7 rations


   Skills:
 * Level 3.1 Fighting
 - Level 2.0 Dodging
 + Level 8.2 Unarmed Combat
 - Level 3.9 Spellcasting
 - Level 3.1 Transmutations
 - Level 2.9 Ice Magic


You had 4 spell levels left.
You knew the following spells:

 Your Spells              Type           Power        Failure   Level  Hunger
a - Beastly Appendage     Tmut           ##....       1%          1    None
b - Sticks to Snakes      Tmut           ##......     2%          2    ##.....
c - Spider Form           Tmut/Pois      #.........   11%         3    ###....
d - Ice Form              Ice/Tmut       ##......     17%         4    ####...

Your spell library contained the following spells:

 Spells                   Type           Power        Failure   Level  Hunger
 Blade Hands              Tmut           ##........   43%         5    ######.


Dungeon Overview and Level Annotations

Branches:
Dungeon (6/15)             Temple (1/1) D:5

Altars:
Ashenzari
Cheibriados
Dithmenos
Elyvilon
Fedhas
Gozag
Hepliaklqana
Kikubaaqudgha
Makhleb
Nemelex Xobeh
Okawaru
Qazlal
Ru
Sif Muna
Uskayaw
Vehumet
Wu Jian
Xom
Yredelemnul
Zin
The Shining One

Annotations:
D:5 1 runed translucent door, Sassenached's ghost, novice DsWn


Innate Abilities, Weirdness & Mutations

You cannot wear most types of armour.
You are very stealthy in the water. (Stealth+)
You are amphibious.
You can wear up to eight rings at the same time.
((You can use your tentacles to constrict eight enemies at once.))
((Your skin changes colour to match your surroundings (Stealth+).))
((Your rubbery body absorbs attacks. (AC +1, EV +1)))


Message History

* * * LOW HITPOINT WARNING * * *
The phantom becomes distracted by the nearby gold, dreaming of imaginary riches.
The orc closely misses you.
You punch the orc! You freeze the orc.
You kill the orc!
The phantom is no longer distracted by gold.
The orc hits you but does no damage.
You hit the orc. You freeze the orc.
The orc is severely wounded.
The orc hits you with a +0 trident.
* * * LOW HITPOINT WARNING * * *
An adder comes into view.
The adder hisses angrily.
You hit the orc. You freeze the orc.
You kill the orc!
The phantom hits you.
* * * LOW HITPOINT WARNING * * *
The phantom hits you.
You die...
Your body crumbles into a pile of gold.

## .. #... ..
###... . # #
#..... ##. .# ...
#.....##.# #.#....
.......S.##$.....)
...$....$.Y$......
$
.........W.....#..
.......$$.(.......
..................
...<)......##..#..
............#### .
........#...#
...#...####.#
>.##... .#


You could see a phantom and an adder.

Vanquished Creatures
  A centaur (D:5)
  2 big kobolds (Sewer)
  A bullfrog (D:3)
  A scorpion (D:5)
  2 crimson imps (D:5)
  A bullfrog zombie (D:5)
  3 hounds
  4 orc priests
  2 centaur skeletons
  An iron imp (D:5)
  2 orc wizards
  An iguana (D:5)
  4 worker ants
  12 adders
  6 river rats
  2 shadow imps (D:5)
  7 oozes (Sewer)
  5 worms
  A dart slug (D:2)
  4 leopard geckos
  16 orcs
  5 ball pythons (Sewer)
  8 bats
  7 giant cockroaches
  4 goblins
  5 hobgoblins
  8 jackals
  2 quokkas
  5 frilled lizards
  7 kobolds
  10 rats
139 creatures vanquished.

Notes
Turn   | Place    | Note
-------+----------+-------------------------------------------
     0 | D:1      | ohad the Octopode Transmuter began the quest for the Orb.
     0 | D:1      | Reached XP level 1. HP: 13/13 MP: 3/3
   396 | D:1      | Reached XP level 2. HP: 9/18 MP: 2/5
   576 | D:1      | Learned a level 2 spell: Sticks to Snakes
  1049 | D:2      | Reached XP level 3. HP: 17/23 MP: 5/7
  1085 | D:2      | Learned a level 3 spell: Spider Form
  1238 | D:2      | Found a faded altar of an unknown god.
  1733 | D:2      | Reached XP level 4. HP: 22/28 MP: 9/9
  1748 | D:2      | Learned a level 4 spell: Ice Form
  2189 | D:3      | Reached skill level 1 in Ice Magic
  2205 | D:3      | Noticed a bullfrog
  2213 | D:3      | Killed a bullfrog
  2213 | D:3      | Reached XP level 5. HP: 30/33 MP: 6/10
  2656 | D:3      | Found a glowing drain.
  2668 | Sewer    | Entered a sewer
  2788 | Sewer    | Reached XP level 6. HP: 38/38 MP: 6/11
  2814 | Sewer    | Reached skill level 4 in Unarmed Combat
  3423 | Sewer    | Reached skill level 5 in Unarmed Combat
  3423 | Sewer    | Reached XP level 7. HP: 33/43 MP: 12/12
  3966 | D:3      | Found a shadowy altar of Dithmenos.
  4356 | D:4      | Reached skill level 6 in Unarmed Combat
  4984 | D:5      | Entered Level 5 of the Dungeon
  5079 | D:5      | Reached skill level 7 in Unarmed Combat
  5079 | D:5      | Reached XP level 8. HP: 43/51 MP: 9/13
  5259 | D:5      | Found a staircase to the Ecumenical Temple.
  5302 | Temple   | Entered the Ecumenical Temple
  5402 | Temple   | Became a worshipper of Gozag Ym Sagoz the Greedy
  5524 | D:5      | Got a polished falchion
  5549 | D:5      | Found a runed translucent door.
  5662 | D:5      | Noticed Sassenached's ghost (novice DsWn)
  5708 | D:5      | Found a snail-covered altar of Cheibriados.
  5712 | D:5      | Reached skill level 8 in Unarmed Combat
  5867 | D:6      | HP: 1/62 [phantom (5)]
  5868 | D:6      | Slain by a phantom

Levels and vault maps discovered:
D:1:      lightli_molten_gateway, layout_basic
D:2:      layout_rooms, chequers_ecumenical_altar_simple, interstate_on_off
D:3:      layout_rooms, portal_sewer_entry_e, kennysheep_cluttered_room,
          nicolae_dithmenos_shadow_blocks
D:4:      layout_basic, first_ration, hangedman_feature_mirror,
          minmay_crystal_room
D:5:      layout_basic, slow_altar_2, minmay_temple_entry_drinking_statues,
          ebering_ghost_inner_flame, hex_large
D:6:      layout_cave_pools, minmay_lizard_king
Temple:   regret_index_temple_sigil_plot

Skill      XL: |  1  2  3  4  5  6  7  8 |
---------------+-------------------------+-----
Spellcasting   | 3 |  3.9
Ice Magic      | 2 |  2.9
Unarmed Combat | 5 7 8 |  8.2
Transmutations | 3 |  3.1
Fighting       | 2 3 |  3.1
Dodging        | |  2.0

Action                   |  1- 3 |  4- 6 |  7- 9 || total
-------------------------+-------+-------+-------++-------
Melee: Unarmed           |    80 |   119 |   126 ||   325
       Kick              |    16 |     7 |     2 ||    25
       Constrict         |    21 |    16 |     8 ||    45
       Tentacles         |    10 |    11 |     3 ||    24
       Punch             |     1 |     2 |       ||     3
 Cast: Beastly Appendage |    11 |     6 |     3 ||    20
       Sticks to Snakes  |       |     1 |       ||     1
       Ice Form          |       |    10 |    15 ||    25
  Use: Scroll            |       |     3 |       ||     3
 Stab: Sleeping          |     3 |     4 |     1 ||     8
  Eat: Chunk             |     3 |     7 |     9 ||    19
       Ration            |       |       |     1 ||     1
Armor: Skin              |     6 |    14 |    32 ||    52
Dodge: Dodged            |    43 |    51 |    94 ||   188

Table legend:
 A = Non-vault XP
 B = Vault XP
 C = Vault XP percentage of total XP
 D = Non-vault monster count
 E = Vault monster count
 F = Vault count percentage of total count
                 A         B        C        D         E       F
            +---------+---------+-------+---------+---------+-------
      Total |    1328 |     428 |  24.4 |     101 |      38 |  27.3
            +---------+---------+-------+---------+---------+-------
        D:1 |      17 |       0 |   0.0 |       9 |       0 |   0.0
        D:2 |      92 |       0 |   0.0 |      28 |       0 |   0.0
        D:3 |     202 |      35 |  14.8 |      23 |       8 |  25.8
        D:4 |     361 |       3 |   0.8 |      16 |       1 |   5.9
        D:5 |     553 |      39 |   6.6 |      19 |       1 |   5.0
        D:6 |     103 |       0 |   0.0 |       6 |       0 |   0.0
      Sewer |       0 |     351 | 100.0 |       0 |      28 | 100.0
            +---------+---------+-------+---------+---------+-------
